 Dungeon Crawl Stone Soup version 0.24-a0-537-g2d01d4ab0a (webtiles) character file.

Game seed: 17038640654283168942

23991 Gynju the Unseen (level 12, -4/52 (53) HPs)
             Began as a Spriggan Enchanter on Aug 15, 2019.
             Was a High Priest of Kikubaaqudgha.
             Slain by a torpor snail (18 damage)
             ... on level 4 of the Lair of Beasts.
             The game lasted 00:38:15 (18106 turns).

Gynju the Unseen (Spriggan Enchanter)              Turns: 18106, Time: 00:38:15

HP:   -4/52 (53)    AC:  8    Str:  4    XL:     12   Next: 76%
MP:   22/27         EV: 18    Int: 20    God:    Kikubaaqudgha [*****.]
Gold: 866           SH:  7    Dex: 18    Spells: 12/31 levels left

rFire    . . .     SeeInvis +   a - +4 dagger (venom)
rCold    . . .     Gourm    .   A - +0 buckler
rNeg     . . .     Faith    .   N - +0 robe
rPois    .         Spirit   .   (helmet restricted)
rElec    .         Reflect  .   w - +1 cloak
rCorr    .         Harm     .   (gloves unavailable)
MR       ++...                  (boots unavailable)
Stlth    ++++++++..             (no amulet)
HPRegen  0.17/turn              q - +4 ring of protection
MPRegen  0.20/turn              M - ring of stealth

@: slowed, quick
A: very small, unfitting armour, see invisible, herbivore, speed 3, slow
metabolism 2
a: Receive Corpses, Torment, Renounce Religion


You were on level 4 of the Lair of Beasts.
You worshipped Kikubaaqudgha.
Kikubaaqudgha was extremely pleased with you.
You were very hungry.

You visited 3 branches of the dungeon, and saw 14 of its levels.
You also visited: Bailey and Gauntlet.

You collected 866 gold pieces.

Inventory:

Hand Weapons
 a - a +4 dagger of venom (weapon)
 J - a +0 rapier
Missiles
 c - 260 stones (quivered)
 r - 51 poisoned darts
 I - 5 datura-tipped darts
Armour
 w - a +1 cloak (worn)
 A - a +0 buckler (worn)
 N - a +0 robe (worn)
Jewellery
 q - a +4 ring of protection (left hand)
 C - an uncursed ring of positive energy {unknown}
 M - a ring of stealth (right hand)
Wands
 b - a wand of acid (9)
 e - a wand of iceblast (7)
 g - a wand of digging (3)
 o - a wand of scattershot (1)
 D - a wand of polymorph (13)
 H - a wand of flame (20)
Scrolls
 k - 4 scrolls of teleportation
 n - 2 scrolls of blinking
 p - a scroll of identify
 s - 6 scrolls of magic mapping
 t - a scroll of enchant armour
 v - 2 scrolls of remove curse
 x - 3 scrolls of enchant weapon
 y - a scroll of amnesia
 z - 3 scrolls of fog
 F - 4 scrolls of fear
 L - a scroll of acquirement {unknown}
Potions
 f - 2 potions of mutation
 h - a potion of magic
 i - 3 potions of resistance
 j - 2 potions of agility
 l - 5 potions of curing
 m - 7 potions of might
 u - 2 potions of haste
 B - a potion of lignification {unknown}
 G - 4 potions of ambrosia {unknown}
 K - 2 potions of flight {unknown}
Comestibles
 d - 19 rations


   Skills:
 + Level 1.1 Fighting
 + Level 2.1 Short Blades
 - Level 3.0 Dodging
 * Level 18.1 Stealth
 * Level 4.6 Shields
 - Level 10.0 Spellcasting
 - Level 12.1 Hexes
 * Level 8.5 Necromancy
 + Level 4.2 Ice Magic


You had 12 spell levels left.
You knew the following spells:

 Your Spells              Type           Power        Failure   Level  Hunger
a - Dazzling Spray        Conj/Hex       ####..       1%          3    None
b - Ensorcelled Hibernat  Hex/Ice        #####.       1%          2    None
c - Tukima's Dance        Hex            ######..     1%          3    None
d - Confuse               Hex            ######..     1%          3    None
e - Dispel Undead         Necr           #####...     7%          5    ####...
f - Vampiric Draining     Necr           #####.....   1%          3    None

Your spell library contained the following spells:

 Spells                   Type           Power        Failure   Level  Hunger
 Animate Skeleton         Necr           N/A          1%          1    None
 Corona                   Hex            ######.      1%          1    None
 Pain                     Necr           ####         1%          1    None
 Sublimation of Blood     Necr           #####.....   1%          2    None
 Inner Flame              Hex/Fire       ####....     1%          3    None
 Animate Dead             Necr           N/A          2%          4    ##.....
 Agony                    Necr           #####...     7%          5    ####...
 Beastly Appendage        Tmut           ##....       9%          1    None
 Flame Tongue             Conj/Fire      ##...        9%          1    None
 Sandblast                Erth           ##....       9%          1    None
 Passwall                 Tmut/Erth      ##......     12%         2    None
 Sticks to Snakes         Tmut           ##......     12%         2    None
 Throw Flame              Conj/Fire      ##....       12%         2    None
 Conjure Flame            Conj/Fire      ##......     24%         3    None
 Spider Form              Tmut/Pois      ##........   24%         3    None
 Stone Arrow              Conj/Erth      ##....       24%         3    None
 Ice Form                 Ice/Tmut       ###.....     34%         4    ##.....
 Borgnjor's Vile Clutch   Necr/Erth      ####......   36%         5    ####...
 Petrify                  Tmut/Erth      ##......     63%         4    ##.....
 Sticky Flame             Conj/Fire      ##......     63%         4    ##.....
 Simulacrum               Ice/Necr       #####.....   67%         6    ######.
 Blade Hands              Tmut           ##........   92%         5    ####...
 Fireball                 Conj/Fire      ##........   92%         5    ####...
 Lee's Rapid Deconstruct  Erth           ##........   92%         5    ####...


Dungeon Overview and Level Annotations

Branches:
Dungeon (9/15)             Temple (1/1) D:4            Lair (4/6) D:9
 Shoals (0/4) Lair:3       Spider (0/4) Lair:4          Orc (0/2) D:9

Altars:
Ashenzari
Cheibriados
Gozag
Hepliaklqana
Kikubaaqudgha
Okawaru
Ru
Sif Muna
Trog
Vehumet
Xom
Yredelemnul

Shops:
D:9 %

Annotations:
D:2 1 runed translucent door, Crazy Yiuf
D:8 1 runed translucent door, Burgietje's ghost, novice GrFi
D:9 2 transporters, 1994's ghost, novice DrTm
Lair:1 exclusion: 3 oklob plants
Lair:2 2 transporters, Zaamme Wyni's ghost, journeyman HuAr
Lair:4 exclusion: oklob plant


Innate Abilities, Weirdness & Mutations

You are very small and have problems with some larger weapons.
You are too small for most types of armour.
You have supernaturally acute eyesight. (SInv)
You are a herbivore.
You cover ground extremely quickly.
You need to consume almost no food.


Message History

Press: ? - help, Shift-Dir - straight line, f/p - torpor snail
Aim: a torpor snail (chance to defeat MR: 50%)
The torpor snail resists with some effort.
Something hits the bush but does no damage.
The yak closely misses you.
Something hits the bush but does no damage.
The torpor snail misses you.
Casting: Ensorcelled Hibernation (safe; 1% risk of failure)
Confirm with . or Enter, or press ? or * to list all spells.
Aiming: Ensorcelled Hibernation (safe; 1% risk of failure)
Press: ? - help, Shift-Dir - straight line, f/p - torpor snail
Aim: a torpor snail (chance to defeat MR: 50%)
The torpor snail resists with some effort.
The yak closely misses you. The porcupine bites you!
The torpor snail bites you!
* * * LOW HITPOINT WARNING * * *
The yak gores you but does no damage. The torpor snail bites you!!
You die...
Kikubaaqudgha rasps: "You have failed me!
Welcome... death!"

♣......... P.........
♣......... ♣.........
♣♣♣♣......... ♣♣♣
♣♣♣P♣..........
#♣.♣♣♣♣P♣♣P..wY......
#...♣.♣..♣♣P@r.....#
##............#.....#
##..........##.##....#
##...#........### ....#
##...####.....## ..##
.......##......# ..#
...#.#.#....#..##... ..#
...####....#..###..#...#
..##.#...####.###....W##


You could see a torpor snail, a yak and a porcupine.

Vanquished Creatures
  Josephine (Lair:4)
  2 hydras (Lair:3)
  Erolcha (D:9)
  3 two-headed ogres
  Erica (D:8)
  Pikel (D:7)
  An orb spider (Lair:4)
  A manticore (Lair:3)
  5 elephants (Lair:2)
  A black mamba (Lair:3)
  Joseph (D:8)
  7 spiny frogs
  6 komodo dragons
  Grinder (D:3)
  3 blink frogs (Lair:1)
  2 hippogriffs
  A spriggan (D:7)
  Sigmund (D:2)
  A wyvern (Lair:1)
  5 wraiths
  19 yaks
  2 basilisks
  A hungry ghost (D:8)
  7 water moccasins
  6 porcupines
  An orc warrior (D:9)
  2 necrophages
  2 phantoms
  2 sky beasts
  2 slaves (D:7)
  An eye of draining (D:9)
  3 black bears
  5 ogres
  2 ice beasts
  3 wolves (Lair:1)
  4 centaurs
  2 crocodiles
  A big kobold (D:9)
  10 bullfrogs
  A gnoll sergeant (D:9)
  6 scorpions
  A wight (D:8)
  2 vampire bats (Lair:3)
  2 howler monkeys (D:4)
  3 crimson imps
  A quasit (D:9)
  5 hounds
  4 orc priests
  6 orc wizards
  2 bullfrog skeletons (D:8)
  A jelly (D:9)
  2 centaur skeletons
  A gnoll shaman (D:6)
  An iguana (D:5)
  Ijyb (D:3)
  2 worker ants (D:4)
  A hound zombie (D:8)
  6 gnolls
  16 adders
  A shadow imp (D:5)
  3 oozes (D:1)
  5 worms
  2 adder skeletons
  3 dart slugs
  A leopard gecko (D:8)
  23 orcs
  18 bats
  4 giant cockroaches
  13 hobgoblins
  9 jackals
  14 kobolds
  8 quokkas
  A ball python (D:1)
  7 frilled lizards
  18 goblins
  A quokka zombie (D:5)
  9 rats
  A spectral orc (D:8)
  A butterfly (Lair:3)
326 creatures vanquished.

Vanquished Creatures (collateral kills)
  An orc warrior (D:8)
  An ogre (D:9)
  5 wights
  A hound (D:8)
  An orc priest (D:8)
  4 gnolls
  4 orcs (D:9)
  A goblin (D:2)
18 creatures vanquished.

Vanquished Creatures (others)
  A dancing weapon (D:6)
  An orc wizard (D:3)
  3 orcs (D:3)
  A giant cockroach (D:3)
  A goblin (D:3)
  2 bushes (Lair:4)
  3 fungi
  8 plants
20 creatures vanquished.

Grand Total: 364 creatures vanquished

Notes
Turn   | Place    | Note
-------+----------+-------------------------------------------
     0 | D:1      | Gynju the Spriggan Enchanter began the quest for the Orb.
     0 | D:1      | Reached XP level 1. HP: 9/9 MP: 5/5
    42 | D:1      | Reached XP level 2. HP: 12/13 MP: 3/6
    59 | D:1      | Learned a level 2 spell: Ensorcelled Hibernation
   371 | D:1      | Reached skill level 5 in Stealth
   897 | D:1      | Reached XP level 3. HP: 11/16 MP: 3/8
   902 | D:1      | Learned a level 3 spell: Tukima's Dance
  2079 | D:2      | Reached XP level 4. HP: 21/21 MP: 7/10
  2231 | D:2      | Found an iron altar of Okawaru.
  2327 | D:2      | Noticed Sigmund
  2334 | D:2      | Killed Sigmund
  2334 | D:2      | Reached skill level 7 in Stealth
  2334 | D:2      | Reached skill level 5 in Hexes
  2334 | D:2      | Reached XP level 5. HP: 12/24 MP: 4/12
  2402 | D:2      | Found a sacrificial altar of Ru.
  2420 | D:2      | Reached XP level 6. HP: 21/28 MP: 7/13
  2425 | D:2      | Learned a level 3 spell: Confuse
  2429 | D:2      | Learned a level 3 spell: Dazzling Spray
  3300 | D:2      | Found a runed translucent door.
  3301 | D:2      | Noticed Crazy Yiuf
  3811 | D:3      | Noticed Ijyb
  3824 | D:3      | Killed Ijyb
  4005 | D:3      | Reached skill level 8 in Stealth
  4118 | D:3      | Noticed Grinder
  4124 | D:3      | Killed Grinder
  4124 | D:3      | Reached XP level 7. HP: 32/32 MP: 1/15
  4229 | D:3      | Reached skill level 9 in Stealth
  4543 | D:3      | Reached skill level 5 in Spellcasting
  4950 | D:4      | Found a shimmering blue altar of Sif Muna.
  4991 | D:4      | Found a staircase to the Ecumenical Temple.
  5002 | Temple   | Entered the Ecumenical Temple
  5029 | Temple   | Became a worshipper of Kikubaaqudgha
  5728 | D:4      | Reached skill level 10 in Stealth
  5762 | D:4      | Found a radiant altar of Vehumet.
  5909 | D:4      | Found an opulent altar of Gozag.
  5976 | D:4      | Found a bloodstained altar of Trog.
  6120 | D:5      | Entered Level 5 of the Dungeon
  6302 | D:5      | Reached XP level 8. HP: 32/36 MP: 5/17
  6820 | D:5      | Found a shattered altar of Ashenzari.
  6973 | D:5      | Reached * piety under Kikubaaqudgha
  6973 | D:5      | Identified Kikubaaqudgha's Grimoire of Unholy Rituals
                  | (Kikubaaqudgha gifted it to you on level 5 of the Dungeon)
  6973 | D:5      | Received a gift from Kikubaaqudgha
  6980 | D:5      | Learned a level 3 spell: Vampiric Draining
  7377 | D:5      | Reached skill level 11 in Stealth
  7691 | D:6      | Found a hazy altar of Hepliaklqana.
  7865 | D:6      | Reached skill level 1 in Necromancy
  8586 | D:7      | Noticed Pikel
  8601 | D:7      | Killed Pikel
  8601 | D:7      | Reached skill level 12 in Stealth
  8601 | D:7      | Reached XP level 9. HP: 36/38 MP: 11/20
  8917 | D:7      | Reached skill level 10 in Hexes
  9154 | D:7      | Reached ** piety under Kikubaaqudgha
  9412 | D:8      | Noticed a two-headed ogre
  9420 | D:8      | Killed a two-headed ogre
  9420 | D:8      | Reached skill level 13 in Stealth
  9444 | D:8      | Found a runed translucent door.
  9512 | D:8      | Noticed Joseph
  9527 | D:8      | Killed Joseph
  9527 | D:8      | Reached XP level 10. HP: 26/43 MP: 8/22
  9873 | D:8      | Found a flagged portal.
  9940 | D:8      | Found a basalt altar of Yredelemnul.
 10006 | Bailey   | Entered a bailey
 10201 | D:8      | Noticed Erica
 10341 | D:8      | Noticed Burgietje's ghost (novice GrFi)
 10353 | D:8      | Killed Erica
 10353 | D:8      | Reached skill level 14 in Stealth
 10433 | D:8      | HP: 2/43 [orc priest/divine providence (16)]
 10781 | D:8      | Noticed a two-headed ogre
 10791 | D:8      | Killed a two-headed ogre
 11010 | D:9      | Found a transporter.
 11026 | D:9      | Found a transporter.
 11045 | D:9      | Found Nainiesi's Food Boutique.
 11151 | D:9      | Noticed 1994's ghost (novice DrTm)
 11308 | D:9      | Reached skill level 15 in Stealth
 11310 | D:9      | Reached *** piety under Kikubaaqudgha
 11310 | D:9      | Identified Kikubaaqudgha's Papyrus of Evil Rites
                  | (Kikubaaqudgha gifted it to you on level 9 of the Dungeon)
 11310 | D:9      | Received a gift from Kikubaaqudgha
 11397 | D:9      | Noticed a two-headed ogre
 11405 | D:9      | Killed a two-headed ogre
 11405 | D:9      | Reached skill level 5 in Necromancy
 11514 | D:9      | Found a snail-covered altar of Cheibriados.
 11743 | D:9      | Reached skill level 1 in Ice Magic
 11801 | D:9      | Reached XP level 11. HP: 46/46 MP: 0/25
 11942 | D:9      | Found a staircase to the Orcish Mines.
 11983 | D:9      | Noticed Erolcha
 11988 | D:9      | Killed Erolcha
 12037 | D:9      | Found a staircase to the Lair.
 12667 | Lair:1   | Entered Level 1 of the Lair of Beasts
 12987 | Lair:1   | Reached **** piety under Kikubaaqudgha
 12987 | Lair:1   | Reached skill level 16 in Stealth
 13332 | Lair:1   | Found the amulet of Vitality {Regen+ HP+15}
 13332 | Lair:1   | Noticed an oklob plant
 13332 | Lair:1   | Noticed an oklob plant
 13334 | Lair:1   | Noticed an oklob plant
 13390 | Lair:1   | Reached skill level 1 in Shields
 13810 | Lair:1   | Reached skill level 10 in Spellcasting
 13998 | Lair:2   | Found a gate leading to a gauntlet.
 14003 | Gauntlet | Entered a Gauntlet
 14003 | Gauntlet | Found a transporter.
 14006 | Gauntlet | Found a transporter.
 14022 | Gauntlet | Found a transporter.
 14026 | Gauntlet | Found a transporter.
 14035 | Gauntlet | Noticed a green ugly thing
 14035 | Gauntlet | Noticed a purple ugly thing
 14037 | Gauntlet | Noticed a great orb of eyes
 14044 | Gauntlet | Found a transporter.
 14054 | Gauntlet | Noticed a blizzard demon
 14057 | Gauntlet | Found a transporter.
 14062 | Gauntlet | Found a transporter.
 14066 | Gauntlet | Found a transporter.
 14067 | Gauntlet | Noticed a cacodemon
 14068 | Gauntlet | Found the ring of Robustness {AC+8}
 14086 | Gauntlet | Noticed a wolf spider
 14089 | Gauntlet | Found a transporter.
 14109 | Gauntlet | Found a transporter.
 14113 | Gauntlet | Found a transporter.
 14122 | Gauntlet | Found a transporter.
 14131 | Gauntlet | Noticed an eight-headed hydra
 14297 | Lair:2   | Found a transporter.
 14515 | Lair:2   | Reached XP level 12. HP: 45/50 MP: 27/27
 14870 | Lair:2   | Reached skill level 17 in Stealth
 15094 | Lair:2   | Found a transporter.
 15097 | Lair:2   | Noticed Zaamme Wyni's ghost (journeyman HuAr)
 16076 | Lair:3   | Found a staircase to the Shoals.
 16291 | Lair:3   | Found a frozen archway.
 16444 | Lair:3   | Reached ***** piety under Kikubaaqudgha
 16449 | Lair:3   | Noticed a seven-headed hydra
 16497 | Lair:3   | Killed a seven-headed hydra
 16773 | Lair:3   | Noticed a six-headed hydra
 16783 | Lair:3   | Killed a six-headed hydra
 17083 | Lair:4   | Found a hole to the Spider Nest.
 17511 | Lair:4   | Noticed Josephine
 17593 | Lair:4   | Learned a level 5 spell: Dispel Undead
 17775 | Lair:4   | Killed Josephine
 17775 | Lair:4   | Reached skill level 1 in Fighting
 17775 | Lair:4   | Reached skill level 18 in Stealth
 18106 | Lair:4   | Slain by a torpor snail

Levels and vault maps discovered:
D:1:      onia_arrival_handbag, layout_basic
D:2:      layout_loops_corners, nicolae_ru_great_annihilating_truth,
          lemuel_doored_altar, uniq_crazy_yiuf_cottage, uniq_sigmund
D:3:      kennysheep_the_goblin_king, layout_loops_ring, minivault_24,
          lemuel_old_faithful, uniq_grinder
D:4:      layout_basic, kennysheep_little_box, led_sif_pool,
          lightli_temple_of_fire, kennysheep_mini, minmay_temple_entry_ruins,
          uniq_ijyb
D:5:      layout_loops_corners, overflow_temple_1_default, first_ration
D:6:      cheibrodos_quashed, layout_basic, marbit_many_paths
D:7:      layout_loops_corners, the_bakery, uniq_pikel
D:8:      layout_basic, yredelemnul_forgotten_temple_becter, enter_bailey_8,
          ebering_ghost_inner_flame, uniq_joseph, uniq_erica
D:9:      layout_gridville, nicolae_overflow_crystal_walls, dpeg_oklobed_lair,
          serial_shops, shop, gammafunk_ghost_hive, uniq_erolcha
Temple:   minmay_temple_forest_path
Lair:1:   layout_roguey, minmay_lair_oklob_chamber, grunt_megastairs_2
Lair:2:   layout_layer_cave, gauntlet_entry_generic,
          gammafunk_ghost_berserking_beasts
Lair:3:   layout_small_grid, minmay_shoals_entry_beasts,
          portal_ice_cave_entry_pillars_1, roderic_batcave, lemuel_fruit_fields,
          grunt_megastairs_5
Lair:4:   layout_layer_cave, nicolae_spider_entry_orb_guardian,
          minmay_lair_oklob_bushes, wad_woods_06, serial_bayou_lagoon_a,
          serial_bayou_shore_a, lemuel_fruit_fields, uniq_josephine

Skill      XL: |  1  2  3  4  5  6  7  8  9 10 11 12 |
---------------+-------------------------------------+-----
Hexes          | 4 5 6 7 9 11 12 | 12.1
Stealth        | 5 7 8 10 12 13 15 16 18 | 18.1
Spellcasting   | 3 4 5 6 7 9 10 | 10.0
Necromancy     | 2 3 5 7 8 |  8.5
Ice Magic      | 1 3 4 |  4.2
Shields        | 2 4 |  4.6
Fighting       | 1 |  1.1
Short Blades   | 2 |  2.1
Dodging        | |  3.0

Action                   |  1- 3 |  4- 6 |  7- 9 | 10-12 || total
-------------------------+-------+-------+-------+-------++-------
Melee: Dagger            |    97 |    76 |   158 |   254 ||   585
Throw: Dart              |       |       |     5 |       ||     5
       Stone             |       |       |       |     1 ||     1
 Cast: Corona            |     3 |       |       |       ||     3
       Ensorcelled Hiber |    37 |    45 |    75 |   132 ||   289
       Tukima's Dance    |       |     1 |     8 |    22 ||    31
       Dazzling Spray    |       |     3 |       |     1 ||     4
       Confuse           |       |       |     7 |    12 ||    19
       Vampiric Draining |       |       |       |     9 ||     9
       Dispel Undead     |       |       |       |    13 ||    13
  Use: Scroll            |       |       |    18 |     7 ||    25
 Stab: Sleeping          |    24 |    35 |    77 |   114 ||   250
       Distracted        |       |     2 |     1 |     2 ||     5
       Paralysed         |       |     1 |       |       ||     1
       Confused          |       |       |     4 |     6 ||    10
  Eat: Ration            |       |     2 |     3 |     5 ||    10
Armor: Robe              |    15 |     5 |    11 |    33 ||    64
Dodge: Dodged            |    92 |    63 |    88 |   176 ||   419
Block: Buckler           |       |       |       |    43 ||    43

Table legend:
 A = Non-vault XP
 B = Vault XP
 C = Vault XP percentage of total XP
 D = Non-vault monster count
 E = Vault monster count
 F = Vault count percentage of total count
                 A         B        C        D         E       F
            +---------+---------+-------+---------+---------+-------
      Total |   26051 |    8223 |  24.0 |     296 |      45 |  13.2
            +---------+---------+-------+---------+---------+-------
        D:1 |      58 |      16 |  21.6 |      31 |       4 |  11.4
        D:2 |     113 |     275 |  70.9 |      28 |       5 |  15.2
        D:3 |     247 |     331 |  57.3 |      34 |       7 |  17.1
        D:4 |     367 |       0 |   0.0 |      14 |       0 |   0.0
        D:5 |     606 |       0 |   0.0 |      14 |       0 |   0.0
        D:6 |     507 |     127 |  20.0 |      23 |       1 |   4.2
        D:7 |     421 |     914 |  68.5 |      11 |       2 |  15.4
        D:8 |    3192 |    1342 |  29.6 |      26 |       3 |  10.3
        D:9 |    3172 |     939 |  22.8 |      46 |       1 |   2.1
     Lair:1 |    5320 |     179 |   3.3 |      27 |       1 |   3.6
     Lair:2 |    5233 |       0 |   0.0 |      20 |       0 |   0.0
     Lair:3 |    5846 |    1865 |  24.2 |      16 |      16 |  50.0
     Lair:4 |     969 |    2235 |  69.8 |       6 |       5 |  45.5
            +---------+---------+-------+---------+---------+-------
